Map: Darkness Sanctuary LE

Players

Zico

  • Race: Protoss Protoss
  • League: Silver
  • Spawn Location: 11:00

Test - Winner!

  • Race: Terran Terran
  • Spawn Location: 1:00

VOD

Have the link to the VOD?

Description

Time

  • Played on: May 15, 2018, 5:31 p.m.
  • Length: 6:03
Show
View Real Time Build Order
Export as new Build Order

Zico Protoss 

Build Orders: Oracle Opening 

Get SALT Encoding   

  1  0:00  Probe  
  13  0:07  Probe  
  14  0:17  Probe  
  15  0:32  Pylon  
  15  0:50  Probe  
  15  0:51  Gateway  
  16  0:57  Assimilator  
  16  0:58  Probe  
  17  1:05  Pylon  
  17  1:07  Probe  
  18  1:17  Probe  
  19  1:29  Probe  
  20  1:38  Cybernetics Core  
  20  1:42  Gateway  
  20  1:49  Probe  
  20  1:52  Assimilator  
  21  2:01  Probe  
  21  2:05  Stalker  
  22  2:10  Pylon  
  22  2:13  Probe  
  25  2:22  Warp Gate  
  25  2:35  Zealot  
  27  2:46  Stargate  
  27  2:56  Pylon  
  27  3:11  Robotics Facility  
  26  3:16  Stalker  
  26  3:18  Stalker  
  28  3:31  Shield Battery  
  30  3:34  Nexus  
  30  3:46  Oracle  
  33  3:52  Adept  
  35  4:04  Observer  
  36  4:13  Pylon  
  36  4:32  Adept  
  36  4:33  Adept  
  36  4:37  Assimilator  
  37  4:57  Pylon  
  37  5:01  Oracle  
  37  5:02  Forge  
  40  5:13  Adept x2, Probe  
  44  5:20  Shield Battery  
  45  5:21  Probe  
  46  5:31  Probe  
  43  5:37  Adept x2  
Show
View Real Time Build Order
Export as new Build Order

Test Terran - Winner!

Build Orders:  

Get SALT Encoding   

  12  0:05  SCV  
  13  0:17  SCV  
  14  0:22  Supply Depot  
  14  0:26  Refinery  
  14  0:35  SCV  
  15  0:44  Barracks  
  15  0:48  SCV  
  16  1:03  Barracks  
  16  1:05  SCV  
  17  1:23  SCV  
  17  1:25  Barracks  
  18  1:31  Marine  
  19  1:45  Orbital Command  
  19  1:49  Marine  
  19  1:52  Barracks Reactor  
  20  2:01  Barracks  
  20  2:10  Barracks Reactor  
  20  2:19  Barracks Tech Lab  
  20  2:21  SCV  
  21  2:29  Marine  
  22  2:30  Marine  
  22  2:34  Supply Depot  
  23  2:38  Engineering Bay  
  23  2:52  Supply Depot  
  23  2:56  Stimpack  
  23  2:57  Marine x2  
  25  3:01  Supply Depot  
  25  3:06  Supply Depot  
  25  3:09  Marine  
  26  3:13  Barracks Reactor  
  26  3:16  Marine  
  26  3:18  Marine  
  28  3:24  Marine  
  28  3:26  Marine  
  30  3:30  Marine  
  30  3:34  Marine  
  32  3:40  Refinery  
  32  3:41  Marine  
  32  3:42  Marine  
  32  3:44  Marine  
  35  3:48  Marine  
  35  3:53  Terran Infantry Weapons Level 1  
  35  3:54  Marine  
  37  3:56  Marine  
  37  3:59  Marine  
  39  4:03  Marine  
  39  4:05  Marine  
  41  4:12  Supply Depot  
  41  4:23  Marine  
  41  4:24  Marine x4  
  46  4:31  Marine  
  47  4:39  Marine  
  47  4:41  Marine x2  
  50  4:54  Marine x4  
  54  5:01  Missile Turret  
  54  5:05  Marine  
  55  5:12  Marine x2  
  57  5:26  Marine x3  
Tags
 
Add a new tag
Caveats
  • Supply blocks, unpowered buildings, or Contaminate may cause inaccurate times.
  • Supply counts are checked every 10 seconds.